 Dungeon Crawl Stone Soup version 0.27.1 (webtiles) character file.

Game seed: 10662729731904736972

2832 Destapler the Fighter (level 9, 0/79 HPs)
             Began as a Palentonga Fighter on Aug 27, 2021.
             Was an Elder of Cheibriados.
             Slain by an ice beast (7 damage)
             ... on level 7 of the Dungeon.
             The game lasted 00:19:37 (5728 turns).

Destapler the Fighter (Palentonga Fighter)          Turns: 5728, Time: 00:19:39

Health: 0/79       AC: 16    Str: 30    XL:     9   Next: 45%
Magic:  10/12      EV:  7    Int: 17    God:    Cheibriados [****..]
Gold:   297        SH: 12    Dex: 21    Spells: 8/8 levels left

rFire    + . .     SeeInvis +   a - +3 war axe (vorpal)
rCold    + . .     Faith    .   c - +0 kite shield
rNeg     . . .     Spirit   .   b - +0 scale mail
rPois    +         Reflect  .   g - +1 helmet
rElec    +         Harm     .   (no cloak)
rCorr    +         Rampage  .   (no gloves)
Will     .....                  (no barding)
Stlth    ..........             (no amulet)
HPRegen  0.23/turn              (no ring)
MPRegen  0.13/turn              (no ring)

@: resistant, curled up, very slow
A: large, rugged brown scales 3, see invisible, deformed body, roll 1, armoured
tail, reflexive curl
a: Rolling Charge, Renounce Religion, Bend Time, Temporal Distortion, Slouch


You were on level 7 of the Dungeon.
You worshipped Cheibriados.
Cheibriados was greatly pleased with you.
You visited 1 branch of the dungeon, and saw 7 of its levels.

You collected 297 gold pieces.

Inventory:

Hand Weapons
 a - a +3 vorpal war axe (weapon)
 e - a +2 dagger of freezing
Missiles
 i - 41 poisoned darts
 p - 4 boomerangs
Armour
 b - a +0 scale mail (worn)
 c - a +0 kite shield (worn)
 g - a +1 helmet (worn)
Jewellery
 l - a +6 ring of intelligence
 o - the ring "Kuodym" {Fire Slay+2}
   (You found it on level 6 of the Dungeon)

   [ring of fire]

   It enhances your fire magic.
   Slay:      It affects your accuracy & damage with ranged weapons and melee
   (+2).
   rF:        It protects you from fire.
   rC:        It makes you vulnerable to cold.
Wands
 q - a wand of flame (12)
Scrolls
 f - 3 scrolls of magic mapping {unknown}
 h - 2 scrolls of amnesia {unknown}
 j - a scroll of noise
 k - 3 scrolls of enchant weapon
 m - 6 scrolls of identify
Potions
 d - a potion of brilliance


   Skills:
 - Level 8.0 Fighting
 * Level 5.4 Axes
 + Level 4.1 Armour
 + Level 6.9 Shields
 + Level 4.2 Invocations


You had 8 spell levels left.
You didn't know any spells.
Your spell library contained the following spells:

 Spells                   Type           Power      Damage    Failure   Level
 Static Discharge         Conj/Air       0%         N/A       75%         2
 Dispel Undead            Necr           0%         3d6       100%        4
 Sticky Flame             Conj/Fire      0%         2d3       100%        4


Dungeon Overview and Level Annotations

Branches:
Dungeon (7/15)
 Temple: D:4-7

Altars:
Cheibriados
Kikubaaqudgha
Yredelemnul
Zin


Innate Abilities, Weirdness & Mutations

You are completely covered in rugged brown scales. (AC +3, +7% HP)
You have supernaturally acute eyesight. (SInv)
Armour fits poorly on your strangely shaped body.
You can roll at nearby foes to attack.
You have a long armoured tail.
You curl defensively after being hit.


Message History

Cheibriados appreciates the change of pace.
The black bear bites you! You block the black bear's attack.
The black bear claws you.
A centaur skeleton comes into view.
You block the orc warrior's attack.
An orc comes into view. It is wielding a +0 short sword.
The black bear bites you but does no damage.
You block the black bear's attack. x2; The orc warrior barely misses you.
The ice beast hits you but does no damage.
You barely miss the black bear.
Your tail-slap misses the black bear.
The black bear is almost dead.
You hit the yak. You hit the ice beast but do no damage.
You block the black bear's attack. x2; The black bear claws you.
* * * LOW HITPOINT WARNING * * *
The yak gores you but does no damage.
The orc warrior hits you but does no damage.
The black bear bites you!
* * * LOW HITPOINT WARNING * * *
The black bear barely misses you. You block the black bear's attack.
Unknown command.
It was a potion of resistance.
You feel protected.
You block the black bear's attack. x2; The black bear claws you.
* * * LOW HITPOINT WARNING * * *
The yak gores you but does no damage. You block the ice beast's attack.
The orc warrior hits you from afar with a +0 halberd!
* * * LOW HITPOINT WARNING * * *
It was a potion of curing.
You feel better. You block the black bear's attack. x2
The black bear claws you.
* * * LOW HITPOINT WARNING * * *
The yak gores you but does no damage.
The orc warrior hits you from afar with a +0 halberd.
* * * LOW HITPOINT WARNING * * *
The black bear bites you but does no damage.
You block the black bear's attack.
The black bear claws you but does no damage.
The ice beast hits you.
* * * LOW HITPOINT WARNING * * *
The ice beast freezes you! You resist.
You die...

#.....##.......#..
#..#####.##.##.#.. #..
####.##....... #..
.....#####.#.#
#######.######..(....#.#
...................###..
#####.########....##.#
♣Y.Y♣ #######.. ♣.♣@♣.♣
#.. ♣Z♣♣h♣♣.♣ #.# ♣.♣
♣o♣ ♣.♣ #.# ♣.♣ ♣o♣ ♣.♣
## ♣o♣ ## ♣Z. ♣.♣ .♣♣


You could see a yak, an orc warrior, a black bear (berserk), an ice beast
(slow), 2 orcs and a centaur skeleton.

Vanquished Creatures
  A hornet (D:5)
  A wyvern (D:6)
  4 yaks (D:6)
  A water moccasin (D:5)
  An ice beast (D:6)
  A sky beast (D:3)
  A black bear (D:6)
  A necrophage (D:6)
  2 ogres
  A phantom (D:4)
  A bullfrog (D:6)
  7 scorpions
  4 howler monkeys
  A jelly (D:4)
  An orc priest (D:4)
  5 hounds
  A bullfrog skeleton (D:4)
  4 iguanas
  An orc wizard (D:5)
  A killer bee zombie (D:6)
  A hound zombie (D:3)
  3 gnolls (D:5)
  2 howler monkey zombies
  4 adders
  An ufetubus (D:5)
  An adder zombie (D:3)
  2 adder skeletons (D:4)
  2 worms
  3 dart slugs
  11 orcs
  4 ball pythons
  2 bats
  4 endoplasms
  2 giant cockroaches
  3 goblins (D:4)
  6 hobgoblins
  2 quokkas
  A ball python zombie (D:3)
  4 frilled lizards
  5 kobolds
  A rat (D:2)
104 creatures vanquished.

Notes
Turn   | Place    | Note
-------+----------+-------------------------------------------
     0 | D:1      | Destapler the Palentonga Fighter began the quest for the
                  | Orb.
     0 | D:1      | Reached XP level 1. HP: 19/19 MP: 1/1
   238 | D:1      | Found a faded altar of an unknown god.
   869 | D:1      | Became a worshipper of Cheibriados the Contemplative
   869 | D:1      | Reached * piety under Cheibriados
   945 | D:2      | Reached XP level 2. HP: 21/25 MP: 2/2
  1627 | D:3      | Noticed a sky beast
  1635 | D:3      | Killed a sky beast
  1636 | D:3      | Reached skill level 4 in Fighting
  1636 | D:3      | Reached XP level 3. HP: 33/33 MP: 3/3
  1636 | D:3      | Reached XP level 4. HP: 40/40 MP: 4/4
  1669 | D:3      | Reached XP level 5. HP: 46/46 MP: 5/5
  1842 | D:3      | Found a basalt altar of Yredelemnul.
  2390 | D:4      | Reached ** piety under Cheibriados
  2540 | D:4      | Noticed an ogre
  2551 | D:4      | Killed an ogre
  2552 | D:4      | Reached skill level 5 in Fighting
  2552 | D:4      | Reached XP level 6. HP: 48/54 MP: 6/6
  3108 | D:4      | Reached skill level 6 in Fighting
  3111 | D:4      | Gained mutation: You curl defensively after being hit.
                  | [Palentonga growth]
  3111 | D:4      | Reached XP level 7. HP: 38/62 MP: 7/7
  3117 | D:4      | Reached skill level 5 in Shields
  3665 | D:5      | Entered Level 5 of the Dungeon
  3727 | D:5      | Noticed a hornet
  3730 | D:5      | Killed a hornet
  3731 | D:5      | Reached skill level 7 in Fighting
  3897 | D:5      | Reached *** piety under Cheibriados
  3905 | D:5      | Reached XP level 8. HP: 58/71 MP: 8/8
  4130 | D:5      | Reached skill level 1 in Invocations
  4184 | D:5      | Found an ancient bone altar of Kikubaaqudgha.
  4559 | D:5      | Found a glowing silver altar of Zin.
  4915 | D:6      | Reached XP level 9. HP: 59/79 MP: 11/11
  4917 | D:6      | Reached **** piety under Cheibriados
  4921 | D:6      | Reached skill level 8 in Fighting
  5253 | D:6      | Reached skill level 5 in Axes
  5423 | D:6      | Identified the ring "Kuodym" {Fire Slay+2}
  5728 | D:7      | Slain by an ice beast

Illustrated notes

Levels and vault maps discovered:
D:1:      dpeg_arrival_rooms_a, layout_loops_ring,
          hellmonk_ecumenical_altar_crossroads, minmay_misc_feat_nine_boxes
D:2:      layout_basic
D:3:      layout_basic, nicolae_yredelemnul_corpse_copse, serial_corexii_hall,
          corexii_hall_statues_t, chequers_hall_statues_wall_a
D:4:      layout_basic, minmay_pentangle
D:5:      layout_loops_ring, zin_treasury, mainiacjoe_overflow_six_doors_small,
          minmay_misc_feat_ornament
D:6:      layout_loops_ring, enter_ossuary_1
D:7:      nzn_winding_woodlands_three_and_one
          [nzn_winding_woodlands_5x15_default,
          nzn_winding_woodlands_5x15_jagged,
          nzn_winding_woodlands_5x15_sawtooth,
          nzn_winding_woodlands_center_triple_pond], layout_loops_cross,
          minmay_temple_entry_poolview, serial_shops, nicolae_shop_behind_doors

Skill      XL: |  1  2  3  4  5  6  7  8  9 |
---------------+----------------------------+-----
Fighting       | 4 5 6 7 8 |  8.0
Shields        | 3 4 5 6 |  6.9
Invocations    | 3 4 |  4.2
Armour         | 3 4 |  4.1
Axes           | 4 5 |  5.4

Action                   |  1- 3 |  4- 6 |  7- 9 || total
-------------------------+-------+-------+-------++-------
Melee: War axe           |    69 |    53 |   100 ||   222
       Tailslap          |     6 |    12 |    28 ||    46
       Spear             |       |    45 |    36 ||    81
Throw: Dart              |       |     2 |     3 ||     5
Invok: Bend Time         |       |       |     2 ||     2
 Abil: Rolling Charge    |    18 |     9 |    30 ||    57
  Use: Potion            |     1 |     3 |     3 ||     7
       Scroll            |       |       |     6 ||     6
 Stab: Distracted        |       |     1 |       ||     1
Armor: Scale mail        |    24 |    38 |    51 ||   113
       Skin              |       |    21 |       ||    21
Dodge: Dodged            |    19 |    20 |    40 ||    79
Block: Kite shield       |    32 |    53 |    91 ||   176
